 Dungeon Crawl Stone Soup version 0.30.1-9-gdf580d7c3d (webtiles) character file.

Game seed: 11015929132278188690

1283 LynnLen the Sneak (level 8, -14/39 HPs)
             Began as a Spriggan Enchanter on Oct 5, 2023.
             Demolished by Nekuux's ghost (16 damage)
             ... on level 5 of the Dungeon on Oct 6, 2023.
             The game lasted 00:27:41 (5891 turns).

LynnLen the Sneak (Spriggan Enchanter)              Turns: 5891, Time: 00:27:41

Health: -14/39     AC:  4    Str:  4    XL:     8   Next: 29%
Magic:  4/16       EV: 19    Int: 19    God:
Gold:   272        SH:  5    Dex: 15    Spells: 8/16 levels left

rFire   . . .        f - +4 short sword
rCold   . . .        (no shield)
rNeg    . . .        b - +0 robe
rPois   .            (helmet restricted)
rElec   .            d - +1 cloak {Stlth+}
rCorr   .            (gloves unavailable)
SInv    +            (boots unavailable)
Will    +....        k - amulet of reflection
Stlth   ++++         l - ring of wizardry
HPRegen 0.26/turn    (no ring)
MPRegen 0.15/turn

%: reflection, wizardry (x1)
@: studying Maces & Flails, invisible, very quick
A: very small, no large weapons, unfitting armour, see invisible, speed 3
a: no special abilities


You were on level 5 of the Dungeon.
You visited 1 branch of the dungeon, and saw 5 of its levels.

You collected 272 gold pieces.

Inventory:

Hand Weapons
 a - a +1 dagger
 f - a +4 short sword (weapon)
Missiles
 h - 5 poisoned darts
 u - 2 throwing nets
Armour
 b - a +0 robe (worn)
 d - a +1 cloak of stealth (worn)
Jewellery
 k - an amulet of reflection (around neck)
 l - a ring of wizardry (left hand)
Wands
 s - a wand of paralysis (9)
Scrolls
 o - a scroll of fog
 p - 2 scrolls of immolation {unknown}
 q - a scroll of vulnerability {unknown}
 t - a scroll of identify
Potions
 e - 5 potions of haste
 g - a potion of brilliance
 i - a potion of flight
 j - a potion of lignification
 m - 2 potions of berserk rage
 n - a potion of curing {unknown}
 r - 2 potions of attraction {unknown}


   Skills:
 + Level 2.4 Fighting
 * Level 5.2 Short Blades
 + Level 2.9 Throwing
 + Level 5.2 Dodging
 + Level 6.8 Stealth
 + Level 4.7 Spellcasting
 * Level 6.7 Hexes


You had 8 spell levels left.
You knew the following spells:

 Your Spells              Type           Power      Damage    Failure   Level
a - Ensorcelled Hibernat  Hex/Ice        34%        N/A       1%          2
b - Confusing Touch       Hex            30%        N/A       1%          3
c - Tukima's Dance        Hex            30%        N/A       1%          3

Your spell library contained the following spells:

 Spells                   Type           Power      Damage    Failure   Level
 Slow                     Hex            100%       N/A       1%          1
 Dazzling Flash           Conj/Hex       34%        N/A       4%          3
 Blink                    Tloc           8%         N/A       8%          2
 Fulminant Prism          Conj/Hex       8%         3d7       13%         4
 Gell's Gravitas          Tloc           4%         N/A       16%         3
 Teleport Other           Tloc           4%         N/A       16%         3
 Vampiric Draining        Necr           4%         2d6       16%         3
 Volatile Blastmotes      Fire/Tloc      8%         2d10      16%         3
 Iskenderun's Mystic Bla  Conj/Tloc      4%         2d3       43%         4
 Manifold Assault         Tloc           4%         N/A       43%         4
 Lee's Rapid Deconstruct  Erth           2%         3d4*      77%         5
 Dispersal                Tloc           2%         N/A       99%         6
 Storm Form               Tmut/Air       2%         N/A       100%        7


Dungeon Overview and Level Annotations

Branches:
Dungeon (5/15)
 Temple: D:4-7

Altars:
Makhleb

Shops:
D:2 (   D:3 (

Annotations:
D:5 1 transporter, Nekuux's ghost, amateur FeBe


Innate Abilities, Weirdness & Mutations

You are very small and have problems with some larger weapons.
You are too small for most types of armour.
You have supernaturally acute eyesight. (SInv)
You cover ground extremely quickly. (Speed+++)


Message History

u - 2 throwing nets (gained 1)
h - 5 poisoned darts (gained 1)
There are no items here.
Press: ? - help, v - describe, . - travel
Here: Nekuux's ghost The floor.
Unknown command.
Casting: Confusing Touch (safe; 1% risk of failure)
Press: ? - help, Q - select action, (/) - cycle Dir - look around, f - activate Your hands begin to glow red.
Unknown command.
You hit Nekuux's ghost but do no damage.
Nekuux's ghost appears confused.
Nekuux's ghost hits you.
You hit Nekuux's ghost.
Nekuux's ghost is lightly damaged.
Nekuux's ghost misses you.
You hit Nekuux's ghost but do no damage.
Nekuux's ghost is lightly damaged.
You barely miss Nekuux's ghost.
Nekuux's ghost is lightly damaged.
Nekuux's ghost hits you!
* * * LOW HITPOINT WARNING * * *
Nekuux's ghost misses itself.
Okay, then.
You fade further into invisibility.
Unknown command.
You hit the gnoll sergeant.
The gnoll sergeant is lightly wounded.
You hit the gnoll sergeant.
The gnoll sergeant is lightly wounded.
You block the gnoll sergeant's attack.
You hit the gnoll sergeant.
The gnoll sergeant is moderately wounded.
Nekuux's ghost hits the gnoll sergeant!
The gnoll sergeant is killed!
Items here: ) [[ †.
You hit Nekuux's ghost.
Nekuux's ghost is moderately damaged.
Nekuux's ghost hits you!
You die...

..........#.....#.#8⌠8#.#..≈≈.##.
.....>...#.....©#.))©)'.#©.~~....
.<..............#.#..)#)#..≈≈..##
............≈≈.##.##.##.##.≈≈.##
#.........#.≈≈.#©.#...#..#.≈≈.##
#........#..≈≈.##.#⌠.⌠#.##.≈≈..##
#...........≈≈..#.#...#.#..≈≈....
#...........≈≈###.##'##)###≈≈.###
#.........#.≈≈#W@.........#≈≈....
###..##..##.≈≈#8)###.###.8#≈≈.###
#.##..###.≈≈#..#8###8#..#≈≈....
#.....##..≈≈####.....####≈≈.#.#
#..##.##..≈≈≈≈≈≈≈≈~≈≈≈≈≈≈≈≈...#
#.###.....≈≈≈≈≈≈≈≈~≈≈≈≈≈≈≈≈..##
#.# ###......................#
### ##.......####.##########
#............#


You could see Nekuux's ghost (confused).

Vanquished Creatures
  An ogre (D:5)
  A centaur (D:5)
  A phantom (D:5)
  2 gnoll sergeants (D:5)
  A scorpion (D:5)
  3 wights
  A howler monkey (D:5)
  A hound (D:5)
  2 orc priests
  Crazy Yiuf (D:3)
  A jelly (D:5)
  A gnoll bouda (D:5)
  3 iguanas
  2 orc wizards (D:4)
  A sleepcap (D:5)
  10 gnolls
  10 adders
  An ufetubus (D:5)
  4 worms
  2 dart slugs
  11 orcs
  5 ball pythons
  4 bats
  8 endoplasms
  A giant cockroach (D:3)
  5 goblins
  9 hobgoblins
  7 jackals
  5 quokkas
  A frilled lizard (D:1)
  2 kobolds
  6 rats
113 creatures vanquished.

Vanquished Creatures (collateral kills)
  A wight (D:4)
  An orc (D:4)
2 creatures vanquished.

Vanquished Creatures (others)
  3 dancing weapons (D:4)
3 creatures vanquished.

Grand Total: 118 creatures vanquished

Notes
Turn   | Place    | Note
-------+----------+-------------------------------------------
     0 | D:1      | LynnLen the Spriggan Enchanter began the quest for the Orb.
     0 | D:1      | Reached XP level 1. HP: 9/9 MP: 5/5
   156 | D:1      | Reached XP level 2. HP: 13/13 MP: 6/6
   159 | D:1      | Learned a level 2 spell: Ensorcelled Hibernation
   183 | D:1      | Found a faded altar of an unknown god.
   887 | D:2      | Found Lesk's Antique Weapon Boutique.
   899 | D:2      | Reached XP level 3. HP: 17/17 MP: 8/8
  1366 | D:2      | Found a burning altar of Makhleb.
  1759 | D:2      | Reached XP level 4. HP: 21/21 MP: 1/9
  2159 | D:3      | Found a runed translucent door.
  2160 | D:3      | Noticed Crazy Yiuf
  2194 | D:3      | Killed Crazy Yiuf
  2309 | D:3      | Reached skill level 5 in Stealth
  2343 | D:3      | Reached skill level 1 in Throwing
  2461 | D:3      | Found Quneczaida's Antique Weapon Emporium.
  2574 | D:3      | Learned a level 3 spell: Confusing Touch
  2578 | D:3      | Learned a level 3 spell: Tukima's Dance
  2592 | D:3      | Reached skill level 1 in Fighting
  2639 | D:3      | Reached XP level 5. HP: 25/25 MP: 10/10
  3196 | D:4      | Reached skill level 5 in Hexes
  3196 | D:4      | Reached XP level 6. HP: 10/30 MP: 6/12
  4416 | D:4      | Reached XP level 7. HP: 32/34 MP: 10/13
  4781 | D:5      | Entered Level 5 of the Dungeon
  5500 | D:5      | Reached XP level 8. HP: 39/39 MP: 12/15
  5500 | D:5      | Identified the +1 ring mail of Minor Irritation {rF+}
  5504 | D:5      | Noticed Nekuux's ghost (amateur FeBe)
  5739 | D:5      | Found a transporter.
  5745 | D:5      | Found a transporter.
  5776 | D:5      | Reached skill level 5 in Dodging
  5785 | D:5      | Reached skill level 5 in Short Blades
  5883 | D:5      | HP: 1/39 [Nekuux's ghost (15)]
  5891 | D:5      | Demolished by Nekuux's ghost

Illustrated notes

Levels and vault maps discovered:
D:1:      eino_arrival_druids_welcome, layout_rooms,
          ebering_ecumenical_altar_petrified
D:2:      layout_loops_ring, serial_shops, nicolae_shop_crystal, basic_altar
D:3:      layout_rooms, serial_shops, nicolae_shop_stone,
          kennysheep_generic_room_6, uniq_crazy_yiuf_cottage
D:4:      layout_gridville, minmay_fractal_squares_5
D:5:      layout_rooms, gammafunk_ghost_gnarly_gnolls, nicolae_half_adder

Skill      XL: |  1  2  3  4  5  6  7  8 |
---------------+-------------------------+-----
Hexes          | 4 5 6 |  6.7
Dodging        | 3 4 5 |  5.2
Short Blades   | 2 3 4 5 |  5.2
Spellcasting   | 3 4 |  4.7
Stealth        | 5 6 |  6.8
Throwing       | 1 2 |  2.9
Fighting       | 1 2 |  2.4

Action                     |  1- 3 |  4- 6 |  7- 9 || total
---------------------------+-------+-------+-------++-------
  Melee: Dagger            |    60 |       |       ||    60
         Short sword       |    27 |   145 |    77 ||   249
         Punch             |     1 |     1 |     1 ||     3
  Throw: Dart              |       |     4 |     6 ||    10
   Cast: Ensorcelled Hiber |    24 |    31 |    29 ||    84
         Tukima's Dance    |       |     9 |     3 ||    12
         Confusing Touch   |       |     2 |     3 ||     5
    Use: Scroll            |     3 |     5 |       ||     8
         Potion            |       |     1 |     3 ||     4
   Stab: Sleeping          |    20 |    23 |    24 ||    67
         Invisible         |       |     3 |       ||     3
         Confused          |       |     1 |     2 ||     3
 Armour: Robe              |     8 |    16 |     4 ||    28
  Dodge: Dodged            |    63 |   130 |    39 ||   232
  Block: Other             |       |    34 |    13 ||    47
